 Dungeon Crawl Stone Soup version 0.31-a0-833-gc15d34cb79 (webtiles) character file.

Game seed: 9111430023747907608

11 Kurtz the Shield-Bearer (level 2, 21/21 HPs)
             Began as an Octopode Fighter on Sept 25, 2023.
             Was an Initiate of Ashenzari.
             Quit the game on level 1 of the Dungeon.
             The game lasted 00:00:19 (330 turns).

Kurtz the Shield-Bearer (Octopode Fighter)           Turns: 330, Time: 00:00:20

Health: 21/21      AC:  1    Str: 15    XL:     2   Next: 25%
Magic:  2/2        EV: 13    Int: 10    God:    Ashenzari [......]
Gold:   24         SH:  4    Dex: 11    Spells: 1/1 levels left

rFire   . . .        a - +0 war axe
rCold   . . .        b - +0 buckler
rNeg    . . .        (helmet restricted)
rPois   .            (no amulet)
rElec   .            (no ring)
rCorr   .            (no ring)
SInv    .            (no ring)
Will    .....        (no ring)
Stlth   ++           (no ring)
HPRegen 0.23/turn    (no ring)
MPRegen 0.08/turn    (no ring)
                     (no ring)

%: no passive effects
@: no status effects
A: almost no armour, amphibious, 8 rings, camouflage 1, gelatinous body 1,
(nimble swimmer 1), tentacles
a: Renounce Religion


You were on level 1 of the Dungeon.
You worshipped Ashenzari.
Ashenzari was noncommittal.
You visited 1 branch of the dungeon, and saw 1 of its levels.

You collected 24 gold pieces.

Inventory:

Hand Weapons
 a - a +0 war axe (weapon)
Armour
 b - a +0 buckler (worn)
Potions
 c - a potion of might
 d - a potion of magic {unknown}


   Skills:
 - Level 3.0 Fighting
 * Level 2.9 Axes
 - Level 3.0 Dodging
 - Level 3.0 Shields


You had one spell level left.
You didn't know any spells.
Your spell library was empty.

Dungeon Overview and Level Annotations

Branches:
Dungeon (1/15)

Altars:
Ashenzari


Innate Abilities, Weirdness & Mutations

You cannot wear most types of armour.
You are amphibious.
You can wear up to eight rings at the same time.
Your skin changes colour to match your surroundings (Stealth+).
Your rubbery body absorbs attacks. (AC +1, EV +1)
((You are camouflaged when in or above water. (Stealth+)))
You have tentacles for arms and can constrict up to eight enemies at once.


Message History

You hit the quokka. You grab the quokka.
You squeeze the quokka, but do no damage.
The quokka is heavily wounded.
You hit the endoplasm but do no damage. You constrict the quokka.
You kill the quokka!
The endoplasm freezes you.
You are frozen.
The endoplasm freezes you.
You are frozen.
You hit the endoplasm. You squeeze the endoplasm.
The endoplasm is almost dead.
The endoplasm freezes you.
You are frozen.
You are too injured to fight recklessly!
Unknown command.
You are too injured to fight recklessly!
You are too injured to fight recklessly!
You are too injured to fight recklessly!
You are too injured to fight recklessly!
You hit the endoplasm but do no damage.
You squeeze the endoplasm, but do no damage.
The endoplasm is almost dead.
The endoplasm closely misses you. The endoplasm freezes you.
You are frozen.
* * * LOW HITPOINT WARNING * * *
You slash the endoplasm!
You kill the endoplasm!
You start resting.
HP restored.
What level of the Dungeon? (default 1, ? - help)
Okay, then.
Search for what [Enter for "alt", or ? for help]?
You enter the shallow water.
There is a faded altar of an unknown god here.
This altar belongs to (a) Okawaru, (b) Dithmenos or (c) Ashenzari, but you can't tell which.
Press the corresponding letter to learn more about a god, or press enter to convert or escape to cancel.
Ashenzari accepts your prayer! Ashenzari welcomes you!
Ashenzari warns you of distant threats and treasures.
Ashenzari shows you where magical portals lie.
Are you sure you want to abandon this character and quit the game? (Confirm with "yes".)

.#####......)#
.............# .#.
..####.......# .. #.#
#.......# #.# # #.#
#.......#####..#.
#.#######...~~...~.~~
....# ##.~###~~~~.~##~
#.#.###.#.#8~####~##~8#
....##.##~#..~~~@~~.~~#
#.....###~###~.~.~.~###
.#..##†##..~#.~.~.~~#
##..###.#...#.~~~~.~#
....# #..##.##~~.~~~#
##.## #......~#+++~#~.
...# #####.~...~....##
#### ############ #


There were no monsters in sight!

Vanquished Creatures
  3 endoplasms (D:1)
  A goblin (D:1)
  A quokka (D:1)
  A ball python (D:1)
  A kobold (D:1)
  3 rats (D:1)
  A spectral kobold (D:1)
11 creatures vanquished.

Notes
Turn   | Place    | Note
-------+----------+-------------------------------------------
     0 | D:1      | Kurtz the Octopode Fighter began the quest for the Orb.
     0 | D:1      | Reached XP level 1. HP: 16/16 MP: 1/1
   165 | D:1      | Found a faded altar of an unknown god.
   229 | D:1      | Reached XP level 2. HP: 21/21 MP: 2/2
   329 | D:1      | Prayed at the altar of an unknown god.
   329 | D:1      | Became a worshipper of Ashenzari the Shackled
   330 | D:1      | Quit the game

Illustrated notes

Levels and vault maps discovered:
D:1:      matt_arrival_refuge, layout_loops_cross,
          dreamdust_ecumenical_altar_drowned_temple

Action                     || total
---------------------------++-------
  Melee: War axe           ||    16
         Constrict         ||     2
         Tentacles         ||     3
   Stab: Sleeping          ||     6
 Armour: Skin              ||     1
  Dodge: Dodged            ||     7
  Block: Buckler           ||     2

Table legend: (Time is in decaauts)
 A = Elapsed time spent in this place.
 B = Non-inter-level travel time spent in this place.
 C = Inter-level travel time spent in this place.
 D = Time resting spent in this place.
 E = Time spent auto-exploring this place.
 F = Levels seen in this place.
 G = Mean time per level.
                   A        B        C        D        E       F      G
               +--------+--------+--------+--------+--------+-----+--------+
         Total |    336 |    303 |     33 |     58 |    184 |   1 |  336.0 |
       Dungeon |    336 |    303 |     33 |     58 |    184 |   1 |  336.0 |
               +--------+--------+--------+--------+--------+-----+--------+

Top non-repeatable levels by time:
     D:1: 336 daAuts
